 Dungeon Crawl Stone Soup version 0.26-a0-110-g95b6527cb0 (webtiles) character file.

Game seed: 1895906248833935758

1921 drasked the Cleaver (level 9, -2/85 HPs)
             Began as a Gargoyle Berserker on June 23, 2020.
             Was a Priest of Trog.
             Killed by divine providence
             ... invoked by an orc priest
              (12 damage)
             ... on level 7 of the Dungeon.
             The game lasted 00:12:57 (7778 turns).

drasked the Cleaver (Gargoyle Berserker)            Turns: 7778, Time: 00:12:58

Health: -2/85      AC: 19    Str: 24    XL:     9   Next: 17%
Magic:  9/9        EV:  9    Int:  8    God:    Trog [***...]
Gold:   231        SH:  0    Dex:  9    Spells: 8/8 levels left

rFire    + . .     SeeInvis .   a - +1 hand axe
rCold    . . .     Faith    .   (no shield)
rNeg     + . .     Spirit   .   m - +0 chain mail
rPois    ∞         Reflect  .   (no helmet)
rElec    +         Harm     .   (no cloak)
rCorr    .                      q - +1 pair of gloves
MR       .....                  (no boots)
Stlth    ..........             f - amulet of the acrobat
HPRegen  0.24/turn              j - ring of flight {+Fly, !d}
MPRegen  0.11/turn              F - ring of protection from fire {rF+, !d}

@: berserking, very quick
A: negative energy resistance 1, electricity resistance, unbreathing,
petrification resistance, rot immunity, AC +6
a: Berserk, Trog's Hand, Renounce Religion, Evoke Flight


You were on level 7 of the Dungeon.
You worshipped Trog.
Trog was most pleased with you.
You were hungry.

You visited 1 branch of the dungeon, and saw 7 of its levels.

You collected 231 gold pieces.

Inventory:

Hand Weapons
 a - a +1 hand axe (weapon)
Missiles
 u - 6 atropa-tipped darts
 x - a throwing net {=f, !d=f}
 Q - 169 stones (quivered)
Armour
 m - a +0 chain mail (worn)
   (You took it off a goblin on level 2 of the Dungeon)
 q - a +1 pair of gloves (worn)
   (You found it on level 1 of the Dungeon)
Jewellery
 f - an amulet of the acrobat (around neck)
   (You found it on level 4 of the Dungeon)
 j - a ring of flight (left hand) {+Fly, !d}
   (You found it on level 6 of the Dungeon)
 k - a +6 ring of intelligence
   (You found it on level 1 of the Dungeon)
 F - a ring of protection from fire (right hand) {rF+, !d}
   (You found it on level 5 of the Dungeon)
Wands
 z - a wand of iceblast (19)
   (You found it on level 5 of the Dungeon)
Scrolls
 b - a scroll of noise {unknown}
 i - a scroll of identify
 t - 5 scrolls of teleportation
 w - 4 scrolls of remove curse
Potions
 c - a potion of lignification {!q!q}
 d - a potion of might
 g - a potion of cancellation
 h - a potion of haste
 l - a potion of heal wounds
 n - a potion of resistance
 o - a potion of curing
 p - a potion of invisibility
 s - a potion of flight
Comestibles
 e - 11 rations
 r - 7 chunks of flesh {@w0}


   Skills:
 + Level 7.2 Fighting
 * Level 8.1 Axes
 + Level 6.6 Armour
 - Level 1.5 Dodging


You had 8 spell levels left.
You didn't know any spells.
Your spell library was empty.

Dungeon Overview and Level Annotations

Branches:
Dungeon (7/15)             Temple (0/1) D:6

Altars:
Kikubaaqudgha
Nemelex Xobeh
Okawaru
Trog
The Shining One


Innate Abilities, Weirdness & Mutations

You are resistant to torment.
Your stone body is resilient. (AC +6)
You are immune to poison.
You resist negative energy. (rN+)
You are resistant to electric shocks. (rElec)
You can survive without breathing.
You are immune to petrification.
You are immune to rotting.


Message History

Things that are here:
a +0 dagger; a +0 robe; an orc skeleton
Things that are here:
a +0 dagger; a +0 robe; an orc skeleton
Things that are here:
a +0 leather armour; an orc skeleton You see here a +0 giant club.
Found a stone staircase leading down.
A worker ant comes into view.
The worker ant twitches its antennae in your direction.
A worker ant is nearby!
You hit the worker ant but do no damage.
The worker ant bites you but does no damage.
You hit the worker ant.
The worker ant bites you but does no damage.
You hit the worker ant.
The worker ant bites you but does no damage.
You slash the worker ant! The worker ant closely misses you.
You closely miss the worker ant.
The worker ant bites you but does no damage.
The worker ant closely misses you.
You hit the worker ant.
The worker ant bites you but does no damage.
You hit the worker ant.
You kill the worker ant!
i - a scroll of identify;
r - 7 chunks of flesh {@w0} An orc comes into view.
It is wielding a +0 falchion.
The orc shouts!
You hear a shout! x2
A black bear comes into view.
There are monsters nearby!
An orc, an orc priest and an orc wizard come into view.
The orc wizard shouts!
The orc shouts!
The orc priest shouts!
You hear an angry growl.
The orc wizard gestures wildly while chanting.
The orc wizard blinks!
An orc warrior comes into view. It is wielding a +0 halberd.
The orc priest mumbles some strange prayers to Beogh against you.
Beogh smites you!
The orc warrior shouts!
The orc wizard hits you but does no damage.
You see here 17 gold pieces.
You closely miss the orc. You hit the orc wizard.
The orc wizard hits you but does no damage.
The orc hits you but does no damage.
You hit the orc.
Your chain mail prevents you from hitting the orc wizard.
The orc wizard hits you but does no damage.
You hit the orc wizard. You hit the orc. The orc barely misses you.
The orc warrior barely misses you. The orc wizard closely misses you.
You hit the orc wizard. You closely miss the orc.
The orc hits you but does no damage.
The orc priest invokes the aid of Beogh against you.
Beogh smites you!
* * * LOW HITPOINT WARNING * * *
The orc warrior hits you from afar with a +0 halberd!
* * * LOW HITPOINT WARNING * * *
The orc wizard hits you but does no damage.
You hit the orc wizard but do no damage.
You hit the orc.
You kill the orc!
You closely miss the orc. The orc barely misses you.
The orc wizard hits you but does no damage.
The orc warrior barely misses you.
You hit the orc wizard. You barely miss the orc.
The orc hits you but does no damage.
The orc wizard hits you but does no damage.
You hit the orc wizard. You barely miss the orc.
The orc warrior hits you but does no damage.
A crimson imp comes into view.
The orc barely misses you. The orc wizard casts a spell at you.
The magic dart hits you but does no damage.
You closely miss the orc wizard. You hit the orc priest. You hit the orc.
The orc warrior hits you from afar with a +0 halberd.
* * * LOW HITPOINT WARNING * * *
The orc priest completely misses you.
You slash the orc wizard!
You kill the orc wizard!
You hit the orc.
You kill the orc!
You hit the orc priest. The orc warrior misses you.
You closely miss the orc priest.
The orc priest hits you but does no damage.
You hit the orc priest but do no damage.
You closely miss the black bear.
The black bear bites you but does no damage.
The black bear claws you but does no damage. x2
The orc warrior closely misses you.
The orc priest calls down the wrath of Beogh upon you.
Beogh smites you!
* * * LOW HITPOINT WARNING * * *
A red film seems to cover your vision as you go berserk!
You feel yourself moving faster!
You feel mighty!
You are feeling hungry.
The crimson imp blinks!
The black bear completely misses you. The black bear barely misses you.
The black bear claws you but does no damage.
The orc priest invokes the aid of Beogh against you.
Beogh smites you!
You die...

#.....# ......#
...#.
#.....###.....#
.#)##
##........%...#
..........##...#
...............#
##..##.........#
+........###......
#...?.)).# .......
#......@.# .......
#......oh# .....h.
#..^.....o#
##o....
#....###.5.§ .....
....# ###... ##.)
#.... ... ...# ..
..#


You could see an orc warrior, a black bear, an orc priest and a crimson imp.

Levels and vault maps discovered:
D:1:      scummos_arrival_gate, layout_basic, minmay_misc_feat_tiny,
          minmay_misc_feat_ornament, minmay_curled_crystal
D:2:      layout_loops_ring, chequers_ecumenical_altar_simple
D:3:      layout_loops_corners, nicolae_overflow_hidden_temple, first_ration
D:4:      cheibrodos_barr_body, layout_rooms, nemelex_xobeh_ov_fountains_minmay
D:5:      layout_basic, grunt_temple_overflow_bloody_war, tgw_kikubaaqudgha
D:6:      layout_basic, minmay_temple_entry_sparse_star
D:7:      layout_cave_pools, grunt_livestock, grunt_ministairs_2

Notes
Turn   | Place    | Note
-------+----------+-------------------------------------------
     0 | D:1      | drasked the Gargoyle Berserker began the quest for the Orb.
     0 | D:1      | Reached XP level 1. HP: 14/14 MP: 1/1
   249 | D:1      | Reached XP level 2. HP: 17/19 MP: 2/2
   299 | D:1      | Reached skill level 3 in Axes
   509 | D:1      | Identified a +0 dagger
   561 | D:1      | Identified a cursed +0 club
   626 | D:1      | Identified a +0 club
   847 | D:1      | Identified a +0 club
   857 | D:1      | Reached XP level 3. HP: 21/23 MP: 3/3
  1076 | D:1      | Identified a +0 club
  1341 | D:1      | Identified a +1 pair of gloves (You found it on level 1 of
                  | the Dungeon)
  1341 | D:1      | Identified a ring of intelligence (You found it on level 1
                  | of the Dungeon)
  1356 | D:2      | Identified a +0 dagger
  1428 | D:2      | Found a faded altar of an unknown god.
  1430 | D:2      | Identified a +0 club
  1430 | D:2      | Identified a +0 chain mail
  1500 | D:2      | Identified a +0 club
  1662 | D:2      | Identified a +0 short sword
  1738 | D:2      | Reached XP level 4. HP: 22/29 MP: 4/4
  1827 | D:2      | Reached skill level 3 in Armour
  2284 | D:3      | Reached skill level 4 in Fighting
  2369 | D:3      | Identified a +0 club
  2456 | D:3      | Reached ** piety under Trog
  2490 | D:3      | Noticed an ice beast
  2500 | D:3      | Killed an ice beast
  2500 | D:3      | Reached skill level 4 in Axes
  2500 | D:3      | Reached XP level 5. HP: 29/34 MP: 5/5
  2816 | D:3      | Identified a +0 trident
  2816 | D:3      | Identified a +0 scale mail
  2816 | D:3      | Identified a +0 hand axe
  2816 | D:3      | Identified a +0 scale mail
  2817 | D:3      | Identified a cursed -1 falchion
  2817 | D:3      | Identified a +0 flail of draining
  2817 | D:3      | Identified a +0 robe
  2833 | D:3      | HP: 6/34 [orc priest/divine providence (10)]
  2842 | D:3      | HP: 6/34 [orc priest/+0 hand axe (2)]
  3183 | D:3      | You fall into a shaft and drop 1 floor!
  3183 | D:4      | Identified a +0 giant spiked club
  3183 | D:4      | Noticed an ogre
  3193 | D:4      | HP: 3/51 [ogre/+0 giant spiked club (23)]
  3195 | D:4      | Killed an ogre
  3195 | D:4      | Reached skill level 4 in Armour
  3195 | D:4      | Reached XP level 6. HP: 4/39 MP: 6/6
  3523 | D:4      | Identified a +0 mace
  3523 | D:4      | Identified a +0 falchion
  3524 | D:4      | Identified a +0 club
  3524 | D:4      | Identified a +0 leather armour
  3524 | D:4      | Identified a +0 mace
  3524 | D:4      | Identified a +0 ring mail
  3544 | D:4      | Reached skill level 5 in Axes
  3738 | D:4      | Reached skill level 5 in Fighting
  3921 | D:4      | Reached XP level 7. HP: 37/44 MP: 7/7
  4332 | D:3      | Identified a +0 club
  4882 | D:3      | Found a glowing golden altar of the Shining One.
  4971 | D:4      | Identified a +0 club
  5072 | D:4      | Identified a +0 giant club
  5096 | D:4      | Identified an amulet of the acrobat (You found it on level
                  | 4 of the Dungeon)
  5350 | D:4      | Found a sparkling altar of Nemelex Xobeh.
  5460 | D:5      | Entered Level 5 of the Dungeon
  5727 | D:5      | Found an ancient bone altar of Kikubaaqudgha.
  5729 | D:5      | Noticed a human
  5730 | D:5      | Killed a human
  5823 | D:5      | Got an iridescent hunting sling
  5883 | D:5      | Found an iron altar of Okawaru.
  5884 | D:5      | Found a bloodstained altar of Trog.
  6010 | D:5      | Identified a ring of protection from fire (You found it on
                  | level 5 of the Dungeon)
  6011 | D:5      | Identified 8 scrolls of identify
  6011 | D:5      | Identified 2 potions of brilliance
  6012 | D:5      | Identified a potion of might
  6013 | D:5      | Identified a potion of heal wounds
  6014 | D:5      | Identified a potion of resistance
  6015 | D:5      | Identified a potion of invisibility
  6016 | D:5      | Identified a potion of flight
  6017 | D:5      | Identified a potion of haste
  6018 | D:5      | Identified a potion of cancellation
  6021 | D:5      | Identified 5 scrolls of remove curse
  6022 | D:5      | Identified 4 scrolls of teleportation
  6023 | D:5      | Identified a scroll of enchant weapon
  6024 | D:5      | Identified a scroll of random uselessness
  6025 | D:5      | Identified a scroll of magic mapping
  6026 | D:5      | Identified a scroll of fear
  6057 | D:6      | Reached skill level 6 in Axes
  6065 | D:6      | Reached skill level 5 in Armour
  6218 | D:6      | Reached XP level 8. HP: 51/51 MP: 8/8
  6341 | D:6      | Reached skill level 6 in Fighting
  6561 | D:6      | Found a staircase to the Ecumenical Temple.
  6936 | D:6      | Identified a ring of flight (You found it on level 6 of the
                  | Dungeon)
  6937 | D:6      | Identified a scroll of amnesia
  6938 | D:6      | Identified a potion of lignification
  6954 | D:7      | Identified a +0 whip
  6954 | D:7      | Identified a +0 ring mail
  6955 | D:7      | Identified a +0 scimitar
  6955 | D:7      | Identified a +0 plate armour
  6957 | D:7      | Identified a +0 club
  6957 | D:7      | Identified a +0 leather armour
  6958 | D:7      | Identified a +0 dagger
  6958 | D:7      | Identified a cursed +0 robe
  6960 | D:7      | Identified a +0 shortbow
  6978 | D:7      | Reached skill level 7 in Axes
  6981 | D:7      | Reached *** piety under Trog
  7063 | D:7      | Reached skill level 6 in Armour
  7416 | D:7      | Identified a +0 leather armour
  7430 | D:7      | Identified a +0 giant club
  7440 | D:7      | Reached XP level 9. HP: 44/56 MP: 9/9
  7441 | D:7      | Reached skill level 7 in Fighting
  7582 | D:7      | Identified a +0 flail
  7582 | D:7      | Identified a +0 leather armour
  7583 | D:7      | Identified a +0 dagger
  7583 | D:7      | Identified a +0 robe
  7595 | D:7      | Reached skill level 8 in Axes
  7648 | D:7      | Identified a +0 hand axe
  7648 | D:7      | Identified a +0 ring mail
  7650 | D:7      | Identified a +0 flail
  7650 | D:7      | Identified a cursed +0 leather armour
  7760 | D:7      | Identified a +0 falchion
  7765 | D:7      | Identified a +0 dagger
  7765 | D:7      | Identified a +0 robe
  7765 | D:7      | Identified a +0 short sword
  7765 | D:7      | Identified a cursed +0 ring mail
  7765 | D:7      | Identified a +0 mace
  7765 | D:7      | Identified a +0 halberd
  7765 | D:7      | Identified a +0 plate armour
  7777 | D:7      | HP: 7/57 [orc priest/divine providence (13)]
  7778 | D:7      | Killed from afar by an orc priest

Table legend:
 A = Turns spent in this place as a percentage of turns spent in the entire game.
 B = Non-inter-level travel turns spent in this place as a percentage of non-inter-level travel turns spent in the entire game.
 C = Inter-level travel turns spent in this place as a percentage of turns spent in this place.
 D = Turns resting spent in this place as a percentage of non-inter-level travel turns spent in this place.
 E = Turns spent auto-exploring this place as a percentage of non-inter-level travel turns spent in this place.
 F = Non-inter-level travel turns spent in this place divided by the number of levels of this place that you've seen.
                   A       B       C       D       E      F
               +-------+-------+-------+-------+-------+----------------------
         Total | 100.0 | 100.0 |   4.3 |  33.9 |  46.7 | 1063.1
       Dungeon | 100.0 | 100.0 |   4.3 |  33.9 |  46.7 | 1063.1
               +-------+-------+-------+-------+-------+----------------------

Table legend:
 A = Kills in this place as a percentage of kills in entire the game.
 B = Kills by you in this place as a percentage of kills by you in the entire game.
 C = Kills by friends in this place as a percentage of kills by friends in the entire game.
 D = Other kills in this place as a percentage of other kills in the entire game.
 E = Experience gained in this place as a percentage of experience gained in the entire game.
 F = Experience gained in this place divided by the number of levels of this place that you have seen.
                   A       B       C       D       E      F
               +-------+-------+-------+-------+-------+----------------------
         Total | 100.0 | 100.0 |   N/A |   N/A | 100.0 | 392.1
       Dungeon | 100.0 | 100.0 |   N/A |   N/A | 100.0 | 392.1
               +-------+-------+-------+-------+-------+----------------------

Skill      XL: |  1  2  3  4  5  6  7  8  9 |
---------------+----------------------------+-----
Axes           | 3 4 5 6 7 8 |  8.1
Armour         | 3 4 5 6 |  6.6
Fighting       | 4 5 6 7 |  7.2
Dodging        | |  1.5

Action                   |  1- 3 |  4- 6 |  7- 9 || total
-------------------------+-------+-------+-------++-------
Melee: Hand axe          |    90 |   169 |   370 ||   629
Throw: Stone             |    62 |    75 |   102 ||   239
Invok: Berserk           |       |     2 |     3 ||     5
  Use: Scroll            |       |       |    16 ||    16
 Stab: Sleeping          |     1 |       |       ||     1
  Eat: Chunk             |     3 |     5 |     8 ||    16
       Ration            |       |     1 |     2 ||     3
Armor: Animal skin       |    33 |    58 |     4 ||    95
       Chain mail        |       |       |   264 ||   264
Dodge: Dodged            |    61 |   111 |   159 ||   331

Vanquished Creatures
  An orc warrior (D:7)
  An ice beast (D:3)
  A phantom (D:7)
  3 ogres
  A centaur (D:7)
  2 bullfrogs (D:7)
  A wyvern skeleton (D:6)
  3 killer bees (D:7)
  4 howler monkeys
  2 crimson imps
  A bullfrog zombie (D:5)
  A centaur zombie (D:6)
  A jelly (D:6)
  4 orc priests
  3 orc wizards (D:7)
  A bullfrog skeleton (D:4)
  10 worker ants
  A gnoll (D:5)
  7 adders
  2 shadow imps
  3 oozes
  An adder skeleton (D:4)
  2 worms (D:4)
  A dart slug (D:2)
  4 leopard geckos
  15 orcs
  A ball python (D:4)
  8 bats
  7 giant cockroaches
  8 goblins
  5 hobgoblins
  10 jackals
  5 quokkas
  5 frilled lizards
  4 kobolds
  A leopard gecko zombie (D:6)
  9 rats
139 creatures vanquished.

Vanquished Creatures (others)
  A human (D:5)
1 creature vanquished.

Grand Total: 140 creatures vanquished
